Cogmind - Beta 11.1 @@@ ROGUE MODE // 2022.04.23 @ 13:06:30 Player: Togure Result: Destroyed by D-53 Grenadier with Mini Grenade Launcher Performance ------------- Evolutions (0) 0 Regions Visited (2) 400 Robots Destroyed (20) 100 Value Destroyed (252) 252 Prototype IDs (0) 0 Alien Tech Used (0) 0 Bonus (22) 22 TOTAL SCORE: 774 Bonus ------- High Alert Combat Kills 22 Cogmind --------- Core Integrity 0/250 Matter 295/300 Energy 125/125 System Corruption 7% Temperature Cool (0) Movement Rolling (100) Location -10/Mines Parts ------- > --- POWER (1) -------- Light Ion Engine > --- PROPULSION (2) --- Compact Wheel Compact Wheel > --- UTILITY (2) ------ Small Storage Unit ECM Suite > --- WEAPON (2) ------- Light EM Pulse Cannon > --- INVENTORY (8) ---- Flexi-carbon Leg Medium Storage Unit Visual Processing Unit Phase Shifter Bore Cannon Grenade Launcher Peak State ------------ > --- POWER ------------ Light Ion Engine > --- PROPULSION ------- Compact Wheel Compact Wheel > --- UTILITY ---------- Small Storage Unit ECM Suite > --- WEAPON ----------- Light EM Pulse Cannon Rocket Launcher > --- INVENTORY -------- Medium Storage Unit Visual Processing Unit Phase Shifter Bore Cannon Grenade Launcher [Rating: 10] Favorites ----------- Power Light Ion Engine Engine Light Ion Engine Propulsion Compact Wheel Leg Aluminum Leg Wheel Compact Wheel Utility Small Storage Unit Device ECM Suite Storage Small Storage Unit Processor Signal Interpreter Weapon Grenade Launcher Energy Gun Small Laser Energy Cannon Light EM Pulse Cannon Ballistic Gun Light Assault Rifle Launcher Grenade Launcher Build | -11 -10 -10 ------- Run | Scr Mat Min Slots Evolved . | . . . Power . | . . . Propulsion . | . . . Utility . | . . . Weapon . | . . . Parts Attached 19 | 6 9 4 Power 1 | 1 . . Engine 1 | 1 . . Core . | . . . Reactor . | . . . Propulsion 7 | 2 4 1 Treads . | . . . Leg 2 | . 2 . Wheel 5 | 2 2 1 Hover . | . . . Flight . | . . . Utility 4 | 1 1 2 Device 1 | . . 1 Storage 2 | 1 . 1 Processor 1 | . 1 . Hackware . | . . . Protection . | . . . Artifact . | . . . Weapon 7 | 2 4 1 Energy Gun 1 | 1 . . Energy Cannon 1 | . 1 . Ballistic Gun 2 | 1 1 . Ballistic Cannon . | . . . Launcher 3 | . 2 1 Special Weapon . | . . . Impact Weapon . | . . . Slashing Weapon . | . . . Piercing Weapon . | . . . Special Melee Weapon . | . . . Unidentified Prototypes . | . . . Parts Lost 4 | . 1 3 Power . | . . . Propulsion 2 | . 1 1 Utility 1 | . . 1 Weapon 1 | . . 1 Highest Loss Streak 2 | . 1 2 To Critical Strikes . | . . . Average Slot Usage (%) 91 | . 88 97 Engine 14 | . 14 14 Leg 1 | . 1 . Wheel 26 | . 26 26 Device 3 | . . 13 Storage 10 | . 14 1 Processor 6 | . 4 11 Energy Gun 2 | . 3 . Energy Cannon 9 | . 7 14 Ballistic Gun 3 | . 5 . Launcher 12 | . 11 13 Naked Turns . | . . . Heaviest Build 18 | 10 15 18 Greatest Support 32 | 32 32 32 Greatest Overweight (x) 3 | 3 . . Average Overweight (x) . | . . . Largest Inventory Capacity 8 | 8 8 8 Average Capacity 7 | 7 8 5 Most Carried 8 | 1 8 7 Average Carried 4 | . 4 4 Final Capacity 8 | 8 8 8 Final Carried 7 | 1 7 6 Class Distribution -------------------- 100% | Mutant Dominant Class ---------------- Mutant | -10/Materials Mutant | -10/Mines Resources | -11 -10 -10 ----------- Run | Scr Mat Min Matter Collected 597 | 203 323 71 Remotely . | . . . Salvage Created 304 | . 286 18 Parts 42 | . 42 . Haulers Intercepted 1 | . 1 . Recyclers Shooed . | . . . Parts Field Recycled . | . . . Retrieved Matter . | . . . Parts Self-Destructed . | . . . Prevented . | . . . Kills | -11 -10 -10 ------- Run | Scr Mat Min Combat Hostiles Destroyed 17 | . 11 6 AOE 17 | . 11 6 Classes Destroyed 8 | . 7 1 Worker 3 | . 3 . Builder 1 | . 1 . Hauler 1 | . 1 . Recycler 1 | . 1 . Watcher 3 | . 3 . Swarmer 9 | . 9 . Grunt 2 | . 2 . Assembled 6 | . . 6 Best Kill Streak 6 | . 6 6 Combat Bots Only 6 | . 3 6 Max Kills in Single Turn 3 | . 3 2 Gunslinging . | . . . Exploded 2 | . 2 2 Melee . | . . . Uniques/NPCs Destroyed . | . . . Combat | -11 -10 -10 -------- Run | Scr Mat Min Damage Taken 685 | . 387 298 Core 260 | . 155 105 Absorbed by Shields . | . . . Regen/Repaired (Parts) 49 | . 49 . Core Remaining (%) 100 | 100 . . Volleys Fired 24 | . 19 5 Largest 2 | . 2 1 Hottest 60 | . 60 56 Shots Fired 26 | . 20 6 Gun 2 | . 2 . Cannon 2 | . . 2 Launcher 22 | . 18 4 Special . | . . . Kinetic 1 | . 1 . Thermal 1 | . 1 . Explosive 22 | . 18 4 Electromagnetic 2 | . . 2 Robot Hit Streak 2 | . 1 2 Robot Miss Streak 4 | . 2 4 Penetration Max . | . . . Secondary Targets . | . . . Shots Hit Robots 3 | . 1 2 Core Hits 36 | . 23 13 Critical Kills . | . . . Critical Parts Destroyed . | . . . Critical Strikes . | . . . Melee Attacks . | . . . Impact . | . . . Slashing . | . . . Piercing . | . . . Sneak Attacks . | . . . Combat Hostiles . | . . . Follow-up Attacks . | . . . Damage Inflicted 1189 | . 841 348 Guns 10 | . 10 . Cannons . | . . . Explosions 1176 | . 831 345 Melee . | . . . Ramming 3 | . . 3 Kinetic 10 | . 10 . Thermal . | . . . Explosive 1176 | . 831 345 Electromagnetic . | . . . Impact . | . . . Slashing . | . . . Piercing . | . . . Highest Corruption 7 | . . 7 Average Corruption 6 | . . 6 Corruption Purged . | . . . Corruption Blocked . | . . . Effects 1 | . . 1 Misfires 1 | . . 1 Overload Shots . | . . . Overflow Damage 29 | . 20 9 Projectiles . | . . . Explosions 29 | . 20 9 Melee . | . . . Knockbacks . | . . . Impact . | . . . Kinetic . | . . . Secondary . | . . . Self-Inflicted Damage 282 | . 207 75 Shots 10 | . 8 2 Rammed 1 | . . 1 Targets Rammed 1 | . . 1 Kicked . | . . . Crushed . | . . . Highest Temperature 20 | . 20 16 Average Temperature 13 | . 15 12 Received Heat Transfer . | . . . Siege Activations . | . . . Robots Corrupted . | . . . Combat Hostiles . | . . . Parts Fried . | . . . Impact Corruptions . | . . . Robots Melted . | . . . Combat Hostiles . | . . . Parts Melted . | . . . Heat Transferred . | . . . Parts Sabotaged . | . . . Parts Stolen . | . . . Parts Stripped . | . . . Power Chain Reactions . | . . . Missiles Intercepted . | . . . Alert | -11 -10 -10 ------- Run | Scr Mat Min Peak Influence 682 | . 682 191 Initial 157 | . . 157 Average 323 | . 411 161 Maximum Alert Level 2 | . 2 . Low Security (%) 47 | 100 22 100 Level 1 7 | . 11 . Level 2 45 | . 66 . Level 3 . | . . . Level 4 . | . . . Level 5 . | . . . High Security . | . . . Max Security . | . . . Squads Dispatched 1 | . 1 . Investigation . | . . . Extermination . | . . . Reinforcement 1 | . 1 . Assault . | . . . Garrison . | . . . Intercept . | . . . Searches Triggered . | . . . Construction Impeded . | . . . Haulers Reinforced . | . . . Active Scanning Responses . | . . . Cargo Convoy Interrupts . | . . . Stealth | -11 -10 -10 --------- Run | Scr Mat Min Distress Signals . | . . . Communications Jammed . | . . . Distress Signals . | . . . Times Spotted 21 | . 14 7 Peak Tracking Total 6 | . 3 6 Tactical Retreats . | . . . Traps | -11 -10 -10 ------- Run | Scr Mat Min Traps Triggered . | . . . Indirectly . | . . . Trap Hack Attempts . | . . . Triggered . | . . . Disarmed . | . . . Reprogrammed . | . . . Reused . | . . . Traps Extracted . | . . . Installed . | . . . Triggered . | . . . Machines | -11 -10 -10 ---------- Run | Scr Mat Min Machines Disabled 3 | . 3 . Max in Single Turn 2 | . 2 . Machines Sabotaged . | . . . Garrisons Compromised . | . . . Overloaded Fab Kills . | . . . Hacking | -11 -10 -10 --------- Run | Scr Mat Min Machines Accessed 1 | . 1 . Terminals . | . . . Fabricators . | . . . Repair Stations 1 | . 1 . Recycling Units . | . . . Scanalyzers . | . . . Garrison Access . | . . . Total Hacks 2 | . 2 . Successful 2 | . 2 . Failed . | . . . Catastrophic . | . . . Database Lockouts . | . . . Manual . | . . . Terminals . | . . . Fabricators . | . . . Repair Stations 2 | . 2 . Recycling Units . | . . . Scanalyzers . | . . . Garrison Access . | . . . Terminal Hacks . | . . . Fabricator Hacks . | . . . Repair Station Hacks 2 | . 2 . Scan Component 1 | . 1 . Repair 1 | . 1 . Recycling Unit Hacks . | . . . Scanalyzer . | . . . Garrison Access Hacks . | . . . Unauthorized Hacks . | . . . Terminals . | . . . Fabricators . | . . . Repair Stations . | . . . Recycling Units . | . . . Scanalyzers . | . . . Garrison Access . | . . . Data Cores Recovered . | . . . Used . | . . . Hacking Detections . | . . . Full Trace Events . | . . . Feedback Events . | . . . Feedback Blocked . | . . . Robot Schematics Acquired . | . . . Robots Built . | . . . Authchips . | . . . Time . | . . . Total Robot Build Rating . | . . . Part Schematics Acquired . | . . . Parts Built . | . . . Authchips . | . . . Time . | . . . Total Part Build Rating . | . . . Parts Repaired 1 | . 1 . Time 26 | . 26 . Parts Recycled . | . . . Recycled Matter . | . . . Retrieved Matter . | . . . Retrieved Components . | . . . Parts Scanalyzed . | . . . Part Schematics Acquired . | . . . Parts Damaged . | . . . Bothacking | -11 -10 -10 ------------ Run | Scr Mat Min Used RIF Installer . | . . . Robots Hacked . | . . . Non-combat . | . . . Combat . | . . . Robot Hacks Applied . | . . . Relay Couplers Released . | . . . Fabnet Peak Effective % . | . . . Robots Rewired . | . . . Allies Hacked . | . . . Hacks Repelled . | . . . Allies | -11 -10 -10 -------- Run | Scr Mat Min Total Allies . | . . . Largest Group . | . . . Highest-Rated Group . | . . . Highest-Rated Ally . | . . . Total Orders . | . . . Ally Attacks . | . . . Total Damage . | . . . Kills . | . . . Allies Corrupted . | . . . Allies Melted . | . . . Intel | -11 -10 -10 ------- Run | Scr Mat Min Robot Analysis Total . | . . . Derelict Logs Recovered . | . . . Drone Launches . | . . . Drone Recoveries . | . . . Exploration | -11 -10 -10 ------------- Run | Scr Mat Min Turns Passed 1180 | 59 803 318 Spaces Moved 940 | 47 617 276 Core 8 | 8 . . Treads . | . . . Legs 25 | . 25 . Wheels 907 | 39 592 276 Hover . | . . . Flight . | . . . Fastest Speed 50 | 50 100 100 Average Speed 100 | 106 100 100 Slowest Speed 200 | 200 120 100 Overloaded Moves . | . . . Propulsion Burnouts . | . . . Robots Hopped . | . . . Cave-ins Triggered . | . . . Exploration Rate (%) 50 | 4 93 55 Regions Visited 2 Branch Regions 1 Pre-discovered Areas 1 | . . 1 Known Exits Taken 1 | . 1 . Unknown Exits Taken 1 | 1 . . Scrap Searched 1 | . . 1 Spaces Dug . | . . . Terrain Destroyed 166 | . 141 25 Melee . | . . . Projectile . | . . . AOE 166 | . 141 25 Terrain Rammed . | . . . Walls Destroyed . | . . . Machines Disabled . | . . . Actions | -11 -10 -10 --------- Run | Scr Mat Min Total 1146 | 53 779 314 Wait 131 | . 112 19 Move 938 | 46 616 276 Hop . | . . . Pick Up 22 | 1 16 5 Fast Attach 6 | 6 . . Attach 6 | . 4 2 Detach . | . . . Swap 7 | . 5 2 Drop 11 | . 7 4 Fire 24 | . 19 5 Melee . | . . . Ram 1 | . . 1 Kick . | . . . Crush . | . . . Escape Stasis . | . . . Rewire . | . . . Trap . | . . . Miscellaneous . | . . . Route ------- -11/Scrapyard -10/Materials (discovered 4 exits: *Mat x3 / *Min) -10/Mines History --------- Turn | Location | Event 25 | -11/Scrapyard | Discovered new exit (range 15) 60 | -11/Scrapyard | Entered Materials 276 | -10/Materials | Discovered new exit (range 7) 311 | -10/Materials | Build established: Mutant 379 | -10/Materials | Discovered new exit (range 11) 412 | -10/Materials | Core integrity fell below 50% 531 | -10/Materials | Discovered new exit (range 14) 639 | -10/Materials | Repaired Grenade Launcher 676 | -10/Materials | Identified exit to Materials 817 | -10/Materials | Discovered new exit (range 16) 862 | -10/Materials | Identified exit to Mines 863 | -10/Materials | Entered Mines 864 | -10/Mines | Learned location of Storage (-7) 965 | -10/Mines | Received a Rocket Launcher from a helpful Derelict 1122 | -10/Mines | Assembled infested the area 1127 | -10/Mines | Assisted by a Guerilla fighting off Assembled 1145 | -10/Mines | Core integrity fell below 20% 1181 | -10/Mines | Destroyed by D-53 Grenadier with Mini Grenade Launcher Last Messages --------------- 01144_ as-13634 destroyed. 01145_ K-01 Serf collects debris. 01146_ as-55571 destroyed. 01154_ The unstable cave ceiling collapses. 01154_ K-01 Serf collects debris. 01155_ Acquired 11 matter. 01158_ K-01 Serf collects debris. 01161_ The unstable cave ceiling collapses. 01161_ K-01 Serf collects debris. 01162_ Acquired Bore Cannon. 01163_ The unstable cave ceiling collapses. 01163_ Acquired 40 matter. 01164_ K-01 Serf collects debris. 01165_ Acquired Phase Shifter. 01168_ K-01 Serf collects debris. 01168_ Acquired Flexi-carbon Leg. 01169_ System corrupted: FCS attempts to trigger Lgt. EM Pulse Cannon. 01169_ System corrupted: Lgt. EM Pulse Cannon misfires. 01173_ Slammed into T-07 Excavator. 01179_ Rocket Launcher destroyed. Map ----- +----------------------------------------------------+ | ##????????????????????????????????????? | | ###??????????????????????????????????? | | ### ##?????????????????????????????????? | | #?# #?????????????????????????????????? | | #### #?????????????????????????????????? | | #?## ## ##????????????????????????????????? | | #??####### ##???????????????????????????????? | | ##???????## #???????????????????????????????? | | ##????????# #???????????????????????????????? | | ??????????# #???????????????????????????????? | | ??????????# #???????????????????????????????? | | #???#####?## #???????????????????????????????? | | #??## ##?## #???????????????????????????????? | | #??# #??# #???????????????????????????????? | | ??## #??## #???????????????????????????????? | | ?## #???## ##### #??????????????????? | | ## #????# #?????????????????????????? | | ##????# #######?????????????????????????? | | ###?????# #####?###???????????##??????????? | | ##??????## ## ## #?????????# ## ????????? | | #???##### ! # #???????? ????????? | | # #??## % #?????? ??????????? | | ## ##?## #####? #????????????? | | ?# ##??# # ### # #?????????????? | | ?# ###### # ## #??????????????? | | ?# ## @ #???????????????? | | ?# ###### #???????????????? | | ?###### ##????## # #????????????? | | ??????# ###??????#### d ?????????? | | ??????# ##???????????? % #????????? | | ??????## #?????????????? % ????????? | | ??????## ##?????????????? ##????????? | | ?????## #???????????????? < ?????????? | | ?????# #???????????????? ?????????? | | ????# #???????????????? # ##?????????? | | ????# #????????????????# #?#??????????? | | ????###### ##?????????????????####????????????? | | ?????????######??????????????????????????????????? | | ?????????????????????????????????????????????????? | | ?????????????????????????????????????????????????? | | ?????????????????????????????????????????????????? | | ?????????????????????????????????????????????????? | | ?????????????????????????????????????????????????? | | ?????????????????????????????????????????????????? | | ?????????????????????????????????????????????????? | | ?????????????????????????????????????????????????? | | | | | | | | | +----------------------------------------------------+ Best States ------------- Heat Dissipation 25 Energy Generation 10 Energy Capacity 125 Matter Stores 300 Matter Capacity 300 Sight Range 16 Terrain Scan Density 10 ECM Strength 1 Evasion (%) 55 Item Schematics ----------------- None Robot Schematics ------------------ None Fabricated ------------ Nothing Alien Tech Used ----------------- None Achievements -------------- None Challenges ------------ None Game ------ Seed ThrusterCatalystStorm Manual? 0 Play Time 00:20:14 Cumulative 19.4 hours Start 2022.04.23 @ 12:40:39 End 2022.04.23 @ 13:06:30 Sessions 1 Manual Loads 0 Difficulty Rogue Special Mode None Game No. 36 Rogue 36 Adventurer 0 Explorer 0 Win Type - Total 0 Types 0/0/0/0/0/0/0/0/0 Lore% 20 Gallery% 16 Achievement% 17 Wizard Run 0 Options --------- ASCII 0 Keyboard 0 Movement Mouse Keybinds 0 Fullscreen 1 Font 24/Smallcaps Map View 76x50 Tactical HUD 1 Map Filters NONE Filters NONE Steam 1 RUN: 10069c55-14d6-4a5d-b427-99603fe52c50